 Dungeon Sprint DCSS version 0.17-a0-1450-g7e755d1 (console) character file.

1374 sinusoidal the Grappler (level 8, -4/60 HPs)
             Began as a Gargoyle Monk on June 30, 2015.
             Was an Initiate of Ru.
             Slain by a demonic crawler (6 damage)
             ... in the Dungeon (Sprint I: "Red Sonja").
             The game lasted 00:12:03 (881 turns).

sinusoidal the Grappler (Gargoyle Monk)              Turns: 881, Time: 00:12:04

Health: -4/60      AC:  7    Str: 15    XL:     8   Next: 66%
Magic:  8/8        EV: 16    Int: 11    God:    Ru [......]
Gold:   405        SH:  0    Dex: 14    Spells: 0 memorised, 7 levels left

rFire  . . .     SeeInvis .       - Unarmed
rCold  . . .     Clarity  .     a - +0 robe
rNeg   + . .     SustAt   .     (no shield)
rPois  ∞         Gourm    .     (no helmet)
rElec  +         Spirit   .     (no cloak)
rCorr  .         Warding  .     (no gloves)
rMut   .         NoTele   +     (no boots)
MR     .....                    (no amulet)
Stlth  ..........               (no ring)
                                (no ring)

@: very slightly contaminated, not resistant to hostile enchantments, extremely
unstealthy
A: negative energy resistance 1, electricity resistance, unbreathing,
petrification resistance, rot immunity, no stealth, AC +5
a: Renounce Religion


You were in the Dungeon.
You worshipped Ru.
Ru was noncommittal.
You were hungry.

You visited 1 branch You collected 405 gold pieces.

Inventory:

Missiles
 j - 21 stones (quivered)
Armour
 a - a +0 robe (worn)
Magical devices
 g - a wand of heal wounds (0)
Scrolls
 h - 2 scrolls of blinking
Potions
 f - 2 potions of magic
Comestibles
 b - a bread ration


   Skills:
 - Level 11.2 Fighting
 - Level 7.0 Dodging
 + Level 13.9 Unarmed Combat


You had 7 spell levels left.
You didn't know any spells.

Dungeon Overview and Level Annotations

Branches:
Dungeon (1/1)

Altars:
Cheibriados
Dithmenos
Elyvilon
Fedhas
Gozag
Kikubaaqudgha
Makhleb
Nemelex Xobeh
Okawaru
Qazlal
Ru
Sif Muna
Trog
Vehumet
Xom
Yredelemnul
Zin
The Shining One
Jiyva

Shops:
D (


Innate Abilities, Weirdness & Mutations

You are resistant to torment.
Your stone body is resilient (AC +5).
You are immune to poison.
You resist negative energy.
You are resistant to electric shocks.
You can survive without breathing.
You are immune to petrification.
You are immune to rotting.
You cannot be stealthy.


Message History

The demonic crawler is almost dead.
You hit the demonic crawler but do no damage.
The demonic crawler is almost dead.
The demonic crawler hits you but does no damage. x3
You barely miss the demonic crawler.
The demonic crawler is almost dead.
You feel yourself slow down.
You hit the demonic crawler but do no damage.
The demonic crawler is almost dead.
The demonic crawler closely misses you.
The demonic crawler hits you but does no damage.
The demonic crawler closely misses you. The demonic crawler hits you.
* * * LOW HITPOINT WARNING * * *
The demonic crawler hits you but does no damage. x2
You barely miss the demonic crawler.
The demonic crawler is almost dead.
The demonic crawler hits you.
* * * LOW HITPOINT WARNING * * *
The demonic crawler hits you.
You die...

##########################
#<.#..)..#.)'..#__#.)s...#
#..'..#..'..#.s'..'s.#...#
#..#####'#####s#__####...s..#
#..####..#...#@#### ####..+
#..#__####..##.# ##
#..#_..__##'#..+
#⌠⌠#_.∩...'..._#
####_..._##_.#+# #_____###+#
#######


You could see 2 demonic crawlers.

Vanquished Creatures
  A demonic crawler (D)
  2 kobold demonologists (D)
  A slime creature (D)
  Sigmund (D)
  A yak (D)
  An ogre (D)
  A jelly (D)
  Ijyb (D)
  A giant eyeball (D)
10 creatures vanquished.

Vanquished Creatures (others)
  A gargoyle (D)
1 creature vanquished.

Grand Total: 11 creatures vanquished

Notes
Turn   | Place    | Note
--------------------------------------------------------------
     0 | D        | sinusoidal the Gargoyle Monk began the quest for the Orb.
     0 | D        | Reached XP level 1. HP: 14/14 MP: 1/1
     1 | D        | Noticed Ijyb
    11 | D        | Killed Ijyb
    11 | D        | Reached skill level 7 in Unarmed Combat
    11 | D        | Reached XP level 2. HP: 16/19 MP: 2/2
    11 | D        | Reached XP level 3. HP: 19/23 MP: 3/3
    68 | D        | Noticed an ogre
    77 | D        | Killed an ogre
    77 | D        | Reached skill level 8 in Unarmed Combat
    77 | D        | Reached XP level 4. HP: 12/28 MP: 4/4
   259 | D        | Killed a gargoyle
   262 | D        | Noticed Sigmund
   268 | D        | Killed Sigmund
   268 | D        | Reached skill level 10 in Unarmed Combat
   268 | D        | Reached XP level 5. HP: 24/32 MP: 5/5
   268 | D        | Reached XP level 6. HP: 27/37 MP: 6/6
   421 | D        | Found a deep blue altar of Sif Muna.
   422 | D        | Noticed a jelly
   423 | D        | Found a radiant altar of Vehumet.
   426 | D        | Killed a jelly
   451 | D        | Found Gaihew's Antique Weapon Emporium.
   451 | D        | Found a white marble altar of Elyvilon.
   451 | D        | Found a stormy altar of Qazlal.
   451 | D        | Found a basalt altar of Yredelemnul.
   451 | D        | Found an iron altar of Okawaru.
   451 | D        | Found a sparkling altar of Nemelex Xobeh.
   451 | D        | Found a shimmering altar of Xom.
   451 | D        | Found an ancient bone altar of Kikubaaqudgha.
   451 | D        | Noticed a yak
   452 | D        | Found a burning altar of Makhleb.
   452 | D        | Found a sacrificial altar of Ru.
   452 | D        | Found a glowing golden altar of the Shining One.
   452 | D        | Found an opulent altar of Gozag.
   452 | D        | Found a glowing silver altar of Zin.
   460 | D        | Killed a yak
   460 | D        | Reached skill level 11 in Unarmed Combat
   460 | D        | Reached XP level 7. HP: 29/47 MP: 7/7
   461 | D        | Found a bloodstained altar of Trog.
   487 | D        | Became a worshipper of Ru the Awakened
   497 | D        | Gained mutation: You cannot be stealthy. [Ru sacrifice]
   579 | D        | Found a viscous altar of Jiyva.
   579 | D        | Found a blossoming altar of Fedhas.
   579 | D        | Noticed a slime creature
   580 | D        | Found a snail-covered altar of Cheibriados.
   580 | D        | Found a shadowy altar of Dithmenos.
   588 | D        | Killed a slime creature
   588 | D        | Reached skill level 12 in Unarmed Combat
   806 | D        | Noticed a kobold demonologist
   807 | D        | Noticed a ynoxinul
   807 | D        | Noticed a kobold demonologist
   811 | D        | Noticed a blue devil
   813 | D        | Noticed a soul eater
   818 | D        | Killed a kobold demonologist
   818 | D        | Reached skill level 13 in Unarmed Combat
   818 | D        | Reached XP level 8. HP: 50/56 MP: 8/8
   820 | D        | Paralysed by a giant eyeball for 4 turns
   833 | D        | Killed a kobold demonologist
   833 | D        | Reached skill level 10 in Fighting
   835 | D        | Paralysed by a giant eyeball for 4 turns
   837 | D        | Noticed a demonic crawler
   837 | D        | Noticed a demonic crawler
   837 | D        | Noticed a demonic crawler
   838 | D        | Noticed a demonic crawler
   869 | D        | Killed a demonic crawler
   881 | D        | HP: 2/60 [demonic crawler (5)]
   881 | D        | Slain by a demonic crawler

Vault maps used:
D:        dungeon_sprint_1

Action                   |  1- 3 |  4- 6 |  7- 9 || total
-------------------------+-------+-------+-------++-------
Melee: Unarmed           |    16 |    14 |    58 ||    88
Invok: Sacrifice Stealth |       |       |     1 ||     1
Evoke: Wand              |       |       |     1 ||     1
  Use: Potion            |       |     1 |     3 ||     4
 Stab: Sleeping          |       |     1 |       ||     1
